 Dungeon Crawl Stone Soup version 0.27-a0-1308-gc08437e49b (webtiles) character file.

Game seed: 7577631381899277405

597 Sobieck the Ducker (level 7, 0/37 HPs)
             Began as a Spriggan Berserker on June 18, 2021.
             Was a Priest of Trog.
             Killed from afar by an orc wizard (3 damage)
             ... with a puff of flame
             ... on level 4 of the Dungeon.
             The game lasted 00:09:01 (4451 turns).

Sobieck the Ducker (Spriggan Berserker)             Turns: 4451, Time: 00:09:02

Health: 0/37       AC:  3    Str: 15    XL:     7   Next: 17%
Magic:  8/8        EV: 24    Int:  8    God:    Trog [***...]
Gold:   130        SH:  0    Dex: 15    Spells: 6/6 levels left

rFire    + . .     SeeInvis +   a - +1 falchion (vorpal) {long}
rCold    + . .     Faith    .   (shield restricted)
rNeg     . . .     Spirit   .   g - +0 animal skin
rPois    +         Reflect  .   e - +1 hat
rElec    +         Harm     .   (no cloak)
rCorr    +         Rampage  .   (gloves unavailable)
Will     +....                  (boots unavailable)
Stlth    +.........             (no amulet)
HPRegen  0.12/turn              l - ring of flight
MPRegen  0.11/turn              w - +4 ring of evasion

@: brilliant, resistant, on berserk cooldown, attractive, flying, slowed, quick
A: very small, no large weapons, unfitting armour, see invisible, speed 3
a: Renounce Religion, Berserk, Trog's Hand


You were on level 4 of the Dungeon.
You worshipped Trog.
Trog was most pleased with you.
You visited 1 branch of the dungeon, and saw 5 of its levels.

You collected 130 gold pieces.


Innate Abilities, Weirdness & Mutations

You are very small and have problems with some larger weapons.
You are too small for most types of armour.
You have supernaturally acute eyesight. (SInv)
You cover ground extremely quickly. (Speed+++)


   Skills:
 + Level 4.0 Fighting
 * Level 5.1 Long Blades
 + Level 6.4 Dodging


You had 6 spell levels left.
You didn't know any spells.
Your spell library contained the following spells:

 Spells                   Type           Power      Damage    Failure   Level
 Beastly Appendage        Tmut           0%         N/A       41%         1
 Wereblood                Tmut           0%         N/A       54%         2
 Spider Form              Tmut/Pois      0%         N/A       78%         3
 Ice Form                 Ice/Tmut       0%         N/A       99%         4

Inventory:

Hand Weapons
 a - a +1 vorpal falchion (weapon) {long}
 b - a +0 fustibalus {sling}
   (You found it on level 1 of the Dungeon)
Missiles
 c - 80 stones {throwing}
 f - 15 poisoned darts {throwing}
 k - 37 bolts
 t - 12 sling bullets
Armour
 e - a +1 hat (worn)
   (You found it on level 1 of the Dungeon)
 g - a +0 animal skin (worn)
Jewellery
 l - a ring of flight (left hand)
   (You found it on level 2 of the Dungeon)
 w - a +4 ring of evasion (right hand)
   (You found it on level 5 of the Dungeon)
Wands
 h - a wand of flame (4)
   (You took it off Natasha on level 2 of the Dungeon)
 m - a wand of acid (10)
   (You found it on level 3 of the Dungeon)
Scrolls
 j - a scroll of identify {@r1}
 o - a scroll of blinking {unknown}
 q - a scroll of amnesia {unknown}
 s - a scroll of brand weapon
 v - a scroll of noise {unknown}
 x - a scroll of enchant weapon
Potions
 i - a potion of mutation {!q}

Dungeon Overview and Level Annotations

Branches:
Dungeon (5/15)
 Temple: D:4-7

Altars:

Annotations:
D:3 exclusion: downstairs

#...###.........#
......#.#.#####.
........#.#
........#.#####
........#.....#
........#####.#
.........>..#.#
.#......#.###.#######
........#.......@.o.#
..8.8..#...###...oh.#
...8...#...# #ยง.o...#
..#..#.'...# #^.....##
.....###...###ยง.ยง.o..##
.#.#.#
......'........#### .#.#
....###...........#
....'...#..<.#####
...###..ยง....#


You could see a black bear, an orc priest and 3 orc wizards.


Message History

You hit the orc wizard. The orc wizard misses you. x3
The orc wizard points at you and mumbles some strange words.
The puff of flame hits you! ๐Ÿ˜ฎ HP[-7]
You take 7 damage, and now have 26/37 hp.
You're too confused to move!
The orc priest shouts!
The orc wizard gestures at you while chanting.
The puff of flame hits you!
* * * LOW HITPOINT WARNING * * *
๐Ÿ˜จ HP[-12]
You take 12 damage, and now have 14/37 hp.
MASSIVE DAMAGE!! (PAUSE)
You feel better.
The orc wizard points at you and mumbles some strange words.
You resist with almost no effort. ๐Ÿ˜ฎ HP[+9]
You regained 9 hp, and now have 23/37 hp.
You hit the orc wizard but do no damage.
The orc wizard closely misses you. The orc wizard misses you.
The orc wizard hits you with a +0 dagger.
The orc wizard points at you and mumbles some strange words.
The magic dart hits you!
* * * LOW HITPOINT WARNING * * *
The orc wizard gestures at you while chanting.
You are confused. ๐Ÿ˜จ HP[-11]
You take 11 damage, and now have 12/37 hp.
MASSIVE DAMAGE!! (PAUSE)
The orc wizard hits you with a +0 dagger.
* * * LOW HITPOINT WARNING * * *
The orc priest looks satisfied for a moment.
The orc wizard completely misses you. ๐Ÿ˜จ HP[-1]
You take 1 damage, and now have 11/37 hp.
Unknown command.
You are too confused!
It was a potion of flight.
You feel more buoyant. The orc wizard completely misses you.
The orc priest calls upon Beogh to heal the orc wizard.
The orc wizard is healed somewhat.
The orc wizard completely misses you. The orc wizard casts a spell at you.
The puff of flame misses you. The orc wizard barely misses you.
You hear an angry growl.
It was a potion of brilliance.
You feel clever all of a sudden. The orc wizard misses you.
The orc wizard closely misses you.
The orc wizard hits you with a +0 dagger.
* * * LOW HITPOINT WARNING * * *
The orc wizard completely misses you. ๐Ÿ˜ฑ HP[-3]
You take 3 damage, and now have 8/37 hp.
It was a potion of resistance.
You feel protected.
You feel less confused.
The orc wizard points at you and mumbles some strange words.
The magic dart hits you.
* * * LOW HITPOINT WARNING * * *
The orc wizard misses you. The orc priest misses you.
The orc wizard completely misses you. The orc wizard closely misses you.
The orc wizard misses you.
You riposte.
You hit the orc wizard. ๐Ÿ˜ฑ HP[-4]
You take 4 damage, and now have 4/37 hp.
It was a potion of attraction.
You feel attractive to monsters. The orc priest misses you.
The orc wizard barely misses you.
The orc wizard points at you and mumbles some strange words.
You resist with almost no effort.
The orc wizard points at you and mumbles some strange words.
The puff of flame misses you. The orc priest misses you.
The orc wizard hits you but does no damage.
The black bear is pulled toward you! ๐Ÿ˜ฑ HP[+1]
Okay, then.
The orc wizard points at you and mumbles some strange words.
The puff of flame misses you.
The orc priest calls upon Beogh to heal the orc wizard.
The orc wizard's wounds heal themselves!
The orc wizard is pulled toward you! The black bear is pulled toward you!
Unknown command.
The orc wizard enters a dispersal trap!
The orc wizard blinks!
The black bear blinks!
The orc wizard blinks!
The orc priest blinks!
The orc wizard blinks! x2
You blink.
The orc wizard blinks!
The orc wizard is pulled toward you! The black bear is pulled toward you!
The orc wizard barely misses you.
You riposte.
You hit the orc wizard. The black bear is pulled toward you!
The orc wizard is pulled toward you! The orc priest is pulled toward you!
The black bear bites you.
* * * LOW HITPOINT WARNING * * *
The black bear misses you. The black bear completely misses you.
The orc wizard is pulled toward you! The orc priest is pulled toward you!
The orc wizard is pulled toward you! ๐Ÿ˜ฑ HP[-2]
You take 2 damage, and now have 3/37 hp.
The orc priest looks satisfied for a moment.
The orc wizard casts a spell at you. The puff of flame hits you. You resist.
You die...

Skill      XL: |  1  2  3  4  5  6  7 |
---------------+----------------------+-----
Long Blades    | 3 4 5 |  5.1
Fighting       | 3 4 |  4.0
Dodging        | 5 6 |  6.4

Action                   |  1- 3 |  4- 6 |  7- 9 || total
-------------------------+-------+-------+-------++-------
Melee: Falchion          |    66 |    72 |    24 ||   162
 Fire: Fustibalus        |    20 |    89 |    11 ||   120
Invok: Berserk           |     1 |     7 |     1 ||     9
       Trog's Hand       |       |     2 |       ||     2
  Use: Scroll            |     2 |     1 |       ||     3
       Potion            |       |       |     5 ||     5
 Stab: Distracted        |     1 |       |       ||     1
Armor: Animal skin       |    11 |    10 |     5 ||    26
Dodge: Dodged            |    66 |    80 |    44 ||   190
       Rpst.: Falchion   |    23 |    12 |     4 ||    39

Levels and vault maps discovered:
D:1:      evilmike_arrival_hilbert_curve, layout_basic
D:2:      minmay_inner_zag, layout_basic, uniq_terence, uniq_natasha
D:3:      layout_loops_ring, wad_floor_pattern_2
D:4:      layout_basic, marbit_many_paths, minmay_temple_entry_nine_rooms,
          serial_undead, serial_undead_e, serial_undead_c, serial_undead_f,
          serial_undead_c, uniq_duvessa, uniq_purgy
D:5:      layout_cave_pools, amcnicky_altar_gilded, serial_shops,
          nicolae_lakefront_shop, ebering_ghost_inner_flame, uniq_menkaure,
          uniq_blork_the_orc, uniq_pikel, uniq_crazy_yiuf_cottage

Notes
Turn   | Place    | Note
-------+----------+-------------------------------------------
     0 | D:1      | Sobieck the Spriggan Berserker began the quest for the Orb.
     0 | D:1      | Reached XP level 1. HP: 11/11 MP: 2/2
     0 | D:1      | magus.rc [v1.9.6]
   184 | D:1      | You fall into a shaft and drop 1 floor!
   217 | D:1      | Reached XP level 2. HP: 16/16 MP: 3/3
   353 | D:1      | You pick up a book of Changes {forbidden} and begin
                  | reading...
   353 | D:1      | You add the spells Beastly Appendage, Wereblood, Spider
                  | Form and Ice Form to your library.
   693 | D:1      | Reached skill level 3 in Long Blades
   714 | D:1      | Reached ** piety under Trog
   721 | D:1      | Reached XP level 3. HP: 17/19 MP: 4/4
  1322 | D:2      | Noticed Natasha
  1602 | D:2      | Killed Natasha
  1627 | D:2      | Reached XP level 4. HP: 23/23 MP: 5/5
  1776 | D:2      | Noticed Natasha
  1785 | D:2      | HP: 1/34 [Natasha/magic dart (10)]
  1787 | D:2      | Killed Natasha
  1788 | D:2      | Reached skill level 3 in Fighting
  2140 | D:2      | Noticed Natasha
  2151 | D:2      | Killed Natasha
  2152 | D:2      | Reached skill level 5 in Dodging
  2265 | D:2      | Reached XP level 5. HP: 28/28 MP: 6/6
  2266 | D:2      | Noticed Terence
  2274 | D:2      | Killed Terence
  2978 | D:4      | Noticed a black bear
  3126 | D:3      | Reached skill level 4 in Long Blades
  3688 | D:4      | Noticed Purgy
  3721 | D:3      | Killed Purgy
  3722 | D:3      | Reached XP level 6. HP: 32/32 MP: 7/7
  3819 | D:5      | Entered Level 5 of the Dungeon
  3950 | D:4      | Reached *** piety under Trog
  3952 | D:4      | Reached skill level 6 in Dodging
  4081 | D:4      | Noticed Dowan
  4082 | D:4      | Noticed Duvessa
  4113 | D:4      | Killed Duvessa
  4114 | D:4      | Reached skill level 5 in Long Blades
  4114 | D:4      | Reached XP level 7. HP: 37/37 MP: 8/8
  4120 | D:4      | Killed Dowan
  4121 | D:4      | Reached skill level 4 in Fighting
  4444 | D:4      | HP: 8/37 [orc wizard (3)]
  4450 | D:4      | HP: 3/37 [black bear (2)]
  4451 | D:4      | Killed from afar by an orc wizard

Vanquished Creatures
  Duvessa (D:4)
  Purgy (D:3)
  Dowan (D:4)
  A bullfrog skeleton (D:5)
  An orc priest (D:4)
  Terence (D:2)
  Natasha (thrice) (D:2)
  A hound skeleton (D:4)
  6 adders
  3 adder zombies (D:4)
  An adder skeleton (D:4)
  A worm (D:3)
  A dart slug (D:1)
  5 orcs
  7 ball pythons
  6 bats
  9 endoplasms
  6 giant cockroaches
  7 goblins
  5 hobgoblins
  9 jackals (D:1)
  2 quokkas
  A frilled lizard (D:1)
  A jackal zombie (D:4)
  6 kobolds
  A quokka zombie (D:4)
  3 rats
90 creatures vanquished.

Vanquished Creatures (others)
  6 withered plants (D:4)
6 creatures vanquished.

Grand Total: 96 creatures vanquished

Table legend:
 A = Non-vault XP
 B = Vault XP
 C = Vault XP percentage of total XP
 D = Non-vault monster count
 E = Vault monster count
 F = Vault count percentage of total count
                 A         B        C        D         E       F
            +---------+---------+-------+---------+---------+-------
      Total |     365 |     489 |  57.3 |      74 |      16 |  17.8
            +---------+---------+-------+---------+---------+-------
        D:1 |      57 |       0 |   0.0 |      31 |       0 |   0.0
        D:2 |     108 |      80 |  42.6 |      14 |       7 |  33.3
        D:3 |      36 |     141 |  79.7 |      12 |       1 |   7.7
        D:4 |     122 |     268 |  68.7 |      16 |       8 |  33.3
        D:5 |      42 |       0 |   0.0 |       1 |       0 |   0.0
            +---------+---------+-------+---------+---------+-------

Illustrated notes

Table legend:
 A = Kills in this place as a percentage of kills in entire the game.
 B = Kills by you in this place as a percentage of kills by you in the entire game.
 C = Kills by friends in this place as a percentage of kills by friends in the entire game.
 D = Other kills in this place as a percentage of other kills in the entire game.
 E = Experience gained in this place as a percentage of experience gained in the entire game.
 F = Experience gained in this place divided by the number of levels of this place that you have seen.
                   A       B       C       D       E      F
               +-------+-------+-------+-------+-------+----------------------
         Total | 100.0 | 100.0 |   N/A |   N/A | 100.0 | 170.8
       Dungeon | 100.0 | 100.0 |   N/A |   N/A | 100.0 | 170.8
               +-------+-------+-------+-------+-------+----------------------

Table legend: (Time is in decaauts)
 A = Elapsed time spent in this place.
 B = Non-inter-level travel time spent in this place.
 C = Inter-level travel time spent in this place.
 D = Time resting spent in this place.
 E = Time spent auto-exploring this place.
 F = Levels seen in this place.
 G = Mean time per level.
                   A        B        C        D        E       F      G
               +--------+--------+--------+--------+--------+-----+--------+
         Total |   3565 |   3445 |    120 |   1259 |   1549 |   5 |  713.0 |
       Dungeon |   3565 |   3445 |    120 |   1259 |   1549 |   5 |  713.0 |
               +--------+--------+--------+--------+--------+-----+--------+

Top non-repeatable levels by time:
     D:2: 1199 daAuts
     D:1: 1146 daAuts
     D:4: 601 daAuts
     D:3: 590 daAuts
     D:5: 28 daAuts
